 Dungeon Crawl Stone Soup version 0.18.1-50-g88ac8fd (webtiles) character file.

632916 mopl the Imperceptible (level 27, -9/151 HPs)
             Began as a Vine Stalker Warper on Jan 1, 2017.
             Was the Champion of Pakellas.
             Mangled by a caustic shrike (15 damage)
             ... on level 3 of the Depths.
             The game lasted 03:41:11 (59910 turns).

mopl the Imperceptible (Vine Stalker Warper)       Turns: 59910, Time: 03:41:12

Health: -9/151     AC:  9    Str: 20    XL:     27
Magic:  0/37       EV: 25    Int: 13    God:    Pakellas [******]
Gold:   5114       SH:  4    Dex: 26    Spells: 9 memorised, 8 levels left

rFire  + + .     SeeInvis +     a - +7 scimitar (flame)
rCold  + + +     Gourm    .     C - +8 ring mail of the Lair of Beasts {+Fly rN+++ Str+4 Slay+3}
rNeg   + + +     Faith    .     (no shield)
rPois  +         Spirit   +     v - +2 helmet of Submission {rC+ MR+ Dex-2 Slay+6}
rElec  .         Dismiss  .     y - +4 cloak "Zyonaf Gume" {*Corrode rF++ MR+++}
rCorr  .         Reflect  +     w - +2 pair of gloves {Dex+3}
SustAt .         Harm     .     P - +2 pair of boots
MR     +++++                    r - +4 amulet of reflection
Stlth  +++++++++.               c - ring of Suddoele {rC+ AC+4, =R}
                                D - ring "Ysofit Wouhu" {rPois SInv}

@: about to teleport, corroded, almost entirely resistant to hostile
enchantments, incredibly stealthy
A: fangs 3, cold resistance 1, deformed body, regeneration 3, magic shield,
antimagic bite, no device heal 3, rot immunity
a: Quick Charge, Device Surge, Renounce Religion, Evoke Flight
}: 5/15 runes: decaying, serpentine, slimy, silver, abyssal


You were on level 3 of the Depths.
You worshipped Pakellas.
Pakellas was exalted by your worship.
You were not hungry.

You visited 10 branches of the dungeon, and saw 53 of its levels.
You visited the Abyss 2 times.
You also visited: Bailey, Ice Cave and Volcano.

You collected 9399 gold pieces.
You spent 4285 gold pieces at shops.

Inventory:

Hand Weapons
 a - a +7 scimitar of flaming (weapon)
 b - a +4 quick blade of draining
Missiles
 g - 2 needles of confusion
 G - 2 javelins
 T - 5 tomahawks of dispersal
 V - 5 throwing nets (quivered)
Armour
 v - the +2 helmet of Submission (worn) {rC+ MR+ Dex-2 Slay+6}
   (You found it on level 5 of the Vaults)

   It affects your dexterity (-2).
   It affects your accuracy and damage with ranged weapons and melee attacks
   (+6).
   It protects you from cold.
   It affects your resistance to hostile enchantments.
 w - a +2 pair of gloves of dexterity (worn)
 y - the +4 cloak "Zyonaf Gume" (worn) {*Corrode rF++ MR+++}
   (You found it on level 6 of the Lair of Beasts)

   It greatly protects you from fire.
   It affects your resistance to hostile enchantments.
   It may corrode you when you take damage.
 C - the +8 ring mail of the Lair of Beasts (worn) {+Fly rN+++ Str+4 Slay+3}
   (You found it on level 4 of the Dungeon)

   It affects your strength (+4).
   It affects your accuracy and damage with ranged weapons and melee attacks
   (+3).
   It renders you almost immune to negative energy.
   It lets you fly.
 P - a +2 pair of boots (worn)
Rods
 i - a +10 iron rod (18/18)
   (You bought it in a shop on level 8 of the Dungeon)
 n - a -3 rod of inaccuracy (10/10) {!a}
   (You bought it in a shop on level 8 of the Dungeon)
 s - a +0 rod of clouds (9/14) {!a}
   (You found it on level 1 of the Lair of Beasts)
 A - a +9 rod of shadows (17/17) {!a}
   (Pakellas gifted it to you on level 10 of the Dungeon)
Jewellery
 c - the ring of Suddoele (right hand) {rC+ AC+4, =R}
   (You bought it in a shop on level 2 of the Orcish Mines)

   [ring of protection]

   It affects your AC (+4).
   It protects you from cold.
 e - the ring "Yrutui" {rElec rC+ MP-9 Str+5 Dex+5}
   (You found it on level 6 of the Pits of Slime)

   [ring of dexterity]

   It affects your strength (+5).
   It affects your dexterity (+5).
   It protects you from cold.
   It insulates you from electricity.
   It affects your magic capacity (-9).
 r - a +4 amulet of reflection (around neck)
 D - the ring "Ysofit Wouhu" (left hand) {rPois SInv}
   (You found it on level 6 of the Pits of Slime)

   [ring of see invisible]

   It protects you from poison.
   It lets you see invisible.
Wands
 p - a wand of enslavement (22/24)
 t - a wand of confusion (23/48)
 B - a wand of hasting (7/9)
 F - a wand of polymorph (21/24)
 H - a wand of teleportation (6/9)
 K - a wand of digging (22/24)
 N - a wand of disintegration (18/24)
 O - a wand of acid (8/15)
 Y - a wand of iceblast (15/15)
Scrolls
 d - 8 scrolls of magic mapping
 h - 14 scrolls of teleportation
 j - 10 scrolls of fog
 k - a scroll of enchant armour
 o - 12 scrolls of remove curse
 L - 6 scrolls of blinking
 U - 3 scrolls of fear
Potions
 l - 8 potions of haste
 m - 4 potions of resistance
 q - 66 potions of magic
 u - 2 potions of ambrosia
 x - 6 potions of might
 z - 26 potions of curing
 J - 5 potions of cancellation
 X - 4 potions of invisibility
 Z - 10 potions of agility
Miscellaneous
 E - a fan of gales
 I - a box of beasts
 M - a sack of spiders
 Q - a stone of tremors
 R - a phantom mirror
 S - a lamp of fire
 W - a phial of floods
Comestibles
 f - 28 bread rations


   Skills:
 + Level 17.7 Fighting
 - Level 16.0 Long Blades
 - Level 12.5 Throwing
 + Level 12.6 Armour
 + Level 12.9 Dodging
 + Level 24.1 Stealth
 + Level 3.6 Spellcasting
 + Level 6.1 Charms
 + Level 6.4 Necromancy
 - Level 11.5 Translocations
 + Level 2.9 Transmutations
 + Level 6.0 Air Magic
 + Level 2.6 Earth Magic
 * Level 19.0 Evocations


You had 8 spell levels left.
You knew the following spells:

 Your Spells              Type           Power        Failure   Level  Hunger
a - Apportation           Tloc           ####......   1%          1    #......
b - Aura of Abjuration    Summ           #.........   100%        5    ######.
c - Spectral Weapon       Hex/Chrm       ##......     34%         3    ###....
e - Blink                 Tloc           N/A          1%          2    ##.....
i - Repel Missiles        Chrm/Air       ###...       6%          2    ##.....
k - Lee's Rapid Deconstr  Erth           #.........   100%        5    ######.
n - Swiftness             Chrm/Air       ###.....     6%          2    ##.....
p - Passwall              Trmt/Erth      #.........   17%         2    ##.....
r - Regeneration          Chrm/Necr      ###.......   10%         3    ###....


Dungeon Overview and Level Annotations

Branches:
Dungeon (15/15)            Temple (0/1) D:5            Lair (8/8) D:11
  Swamp (4/4) Lair:6        Snake (4/4) Lair:4        Slime (6/6) Lair:6
    Orc (2/2) D:11            Elf (3/3) Orc:2        Vaults (5/5) D:13
  Crypt (3/3) Vaults:2       Tomb (0/3) Crypt:3      Depths (3/5) D:15

Altars:
Ashenzari
Cheibriados
Elyvilon
Fedhas
Gozag
Kikubaaqudgha
Okawaru
Pakellas
Qazlal
Trog
Xom
Yredelemnul
Zin
The Shining One
Beogh
Jiyva

Shops:
D:8 }   D:12 [   D:13 %   Orc:1 [   Orc:2 (*[=   Snake:3 [   Snake:4 %*!(
Vaults:1 (   Vaults:4 (

Portals:
Hell: Depths:1 Depths:2 Depths:3
Abyss: Depths:3
Pandemonium: Depths:2
Ziggurat: Depths:3

Annotations:
Crypt:3 vamp great sword


Innate Abilities, Weirdness & Mutations

You have razor-sharp teeth.
You regenerate.
When hurt, damage is shared between your health and your magic reserves.
Your bite disrupts and absorbs the magic of your enemies.
Potions and wands cannot restore your health.
You are immune to rotting.
Your flesh is cold resistant.
Armour fits poorly on your strangely shaped body.


Message History

You are splashed with acid!
The acid corrodes you!
The acid burns!
* * * LOW HITPOINT WARNING * * *
The shadow dragon skeleton is engulfed in roaring flames.
The caustic shrike is engulfed in roaring flames.
The two-headed ogre is engulfed in roaring flames.
Evoke which item? (* to show all) (? for menu, Esc to quit)
Zapping:
H - a wand of teleportation (7/9)
Press: ? - help, Shift-Dir - straight line, f - you You feel strangely unstable.
This wand has 6 charges left.
The caustic shrike is engulfed in roaring flames.
The caustic shrike claws you!!
* * * LOW HITPOINT WARNING * * *
You are splashed with acid!
The acid corrodes you!
The acid burns!
* * * LOW HITPOINT WARNING * * *
The caustic shrike is engulfed in roaring flames.
The storm dragon skeleton is engulfed in roaring flames.
The caustic shrike is engulfed in roaring flames.
The caustic shrike claws you!!
You die...
Pakellas says: Back to the drawing board!

.....'...###..#..#'#........
....##..##....#....#........
....'...####################
.#'##..)## ##.......## ###
.......8..## #.#
....##.....## #.#
....###.....## #.# ....#
##.....###@# +#..#
##.....##b# #..# ##....C#b#
#### ##....CZ# ##...ZO##
##.sipc## ##.uucO# ##cDu..#
##.O..ZZ


You could see 2 caustic shrikes, a brown very ugly thing, an ice dragon, a stone
giant, 2 ugly things, a spriggan berserker, 3 yaktaurs, a necromancer
(invisible), a two-headed ogre, a redback, a shadow dragon skeleton and a storm
dragon skeleton.

Vanquished Creatures
  the Royal Jelly (Slime:6)
  Dissolution (Slime:3)
  Mennas (Crypt:3)
  2 ancient liches (Vaults:5)
  Sojobo (Vaults:2)
  Boris (thrice) (Vaults:2 Crypt:2 Depths:3)
  Frederick (Depths:3)
  Margery (Vaults:3)
  Norris (Depths:3)
  3 caustic shrikes
  A golden dragon (Vaults:5)
  Nikola (Swamp:4)
  Xtahua (Crypt:3)
  Jorgrun (Crypt:3)
  5 liches
  4 tentacled monstrosities
  2 deep elf blademasters (Elf:3)
  3 titans (Vaults:5)
  2 deep elf master archers (Elf:3)
  2 quicksilver dragons
  Asterion (Snake:1)
  Frances (Snake:2)
  A tentacled starspawn (Abyss:3)
  14 acid blobs
  5 ancient champions
  A sphinx (shapeshifter) (Vaults:5)
  Kirke (Swamp:4)
  9 tengu reavers
  3 sphinxes
  3 storm dragons
  2 thorn hunters
  4 revenants
  Agnes (Snake:3)
  Roxanne (Elf:1)
  Wiglaf (Elf:2)
  13 azure jellies
  7 frost giants
  5 fire giants
  2 iron dragons
  Donald (Swamp:4)
  9 greater nagas
  9 deep elf sorcerers
  26 vault wardens
  4 curse skulls
  Louise (Swamp:1)
  An orc warlord (Orc:1)
  Aizul (Snake:1)
  An angel (Abyss:3)
  10 ghouls
  A juggernaut zombie (Depths:2)
  2 deep elf elementalists (Elf:3)
  14 ironheart preservers
  4 war gargoyles
  3 reapers
  12 stone giants
  11 very ugly things
  2 vampire knights (Crypt:2)
  Nessos (D:13)
  The ghost of ololoev the Eclecticist, a journeyman DEEE of Vehumet (Orc:2)
  5 deep elf demonologists
  4 salamander stormcallers
  Azrael (D:14)
  4 deep elf annihilators
  8 eidola (Crypt:3)
  Snorg (Lair:6)
  3 spark wasps (Depths:1)
  2 starcursed masses (Abyss:3)
  2 green deaths (Swamp:4)
  10 ettins
  5 death oozes (Slime:6)
  A spectral golden dragon (Crypt:3)
  Josephine (D:14)
  A fire dragon (shapeshifter) (Vaults:5)
  5 deep elf death magi
  16 yaktaur captains
  10 jiangshi
  15 ogre magi
  34 vault guards
  4 fire dragons
  The ghost of magog001 the Blocker, a journeyman MiFi (Lair:3)
  2 deep elf high priests
  The ghost of magog001 the Cleaver, a journeyman DsGl (D:12)
  Harold (Lair:3)
  7 great orbs of eyes
  6 rakshasas
  6 ice dragons
  2 spriggan air magi
  14 hydras
  2 catoblepae
  2 ghost crabs
  9 centaur warriors
  2 entropy weavers
  A spectral fire giant (Crypt:3)
  17 naga warriors
  14 alligators
  A queen ant (shapeshifter) (Vaults:5)
  11 anacondas
  6 deep troll shamans
  3 tengu warriors
  3 death knights
  10 vampire magi
  A death yak (shapeshifter) (Vaults:5)
  21 dancing weapons
  A spectral frost giant (Crypt:3)
  5 spriggan berserkers
  A spectral stone giant (Crypt:3)
  Urug (Orc:1)
  2 orc high priests
  6 deep troll earth magi
  13 naga sharpshooters
  4 shock serpents
  A thrashing horror (Abyss:3)
  A storm dragon zombie (Depths:3)
  31 deep elf knights
  23 shadow wraiths
  7 salamander mystics
  An iron troll (Depths:3)
  20 skeletal warriors
  A spectral ghost moth (Crypt:3)
  2 fire crabs
  A soul eater (Crypt:1)
  2 wretched stars (Abyss:3)
  5 giant orange brains
  12 hell knights
  The ghost of mopl the Covert, a novice VSWr of Pakellas (D:10)
  5 unseen horrors
  10 naga ritualists
  2 flayed ghosts (Crypt:3)
  A spriggan druid (Swamp:3)
  11 swamp dragons
  30 deep trolls
  15 deep elf archers
  14 ironbrand convokers
  A shadow dragon zombie (Crypt:1)
  A golden dragon zombie (Crypt:2)
  A hill giant (shapeshifter) (Vaults:3)
  15 orc knights
  2 lindwurms
  A golden dragon skeleton (Depths:3)
  A wolf spider zombie (D:12)
  9 necromancers
  10 hill giants
  18 phantasmal warriors
  A stone giant zombie (Vaults:3)
  3 tengu zombies
  A sphinx zombie (Depths:2)
  A shambling mangrove (Swamp:3)
  A fire giant zombie (Depths:3)
  23 ugly things
  6 orc sorcerers
  A shining eye (shapeshifter) (Vaults:1)
  83 deep elf magi
  6 griffons
  11 mana vipers
  2 wizards
  5 wolf spiders
  6 cyclopes
  2 spectral ettins (Crypt:3)
  12 salamanders
  A human zombie (Vaults:3)
  A salamander (shapeshifter) (Depths:1)
  2 hornets (shapeshifter)
  A tengu skeleton (Vaults:4)
  A manticore (shapeshifter) (D:13)
  A shining eye (Slime:3)
  A frost giant zombie (Crypt:1)
  4 fire giant skeletons
  A manticore (D:8)
  9 hornets
  15 elephants
  9 guardian serpents
  3 ice statues (IceCv)
  11 naga magi
  17 vault sentinels
  5 torpor snails (Lair:8)
  2 molten gargoyles (Volcano)
  2 centaur skeletons
  A black mamba (shapeshifter) (Elf:1)
  3 orange demons
  14 spiny frogs
  A gargoyle (D:15)
  A black draconian zombie (Crypt:2)
  A green draconian zombie (Crypt:1)
  A torpor snail (shapeshifter) (Vaults:2)
  42 black mambas
  5 rime drakes
  An alligator snapping turtle skeleton (Crypt:3)
  14 freezing wraiths
  9 komodo dragons
  A white draconian skeleton (Crypt:1)
  An efreet (D:15)
  A kobold demonologist (D:14)
  68 yaktaurs
  A human skeleton (Vaults:3)
  A yaktaur skeleton (Vaults:3)
  An ancient zyme (Abyss:3)
  A tengu conjurer (D:12)
  A hydra zombie (Crypt:3)
  A redback zombie (D:12)
  A queen bee (shapeshifter) (Depths:3)
  4 red devils (Elf:2)
  7 giant leeches
  3 jumping spiders (Vaults:4)
  3 trolls
  The ghost of mopl the Sneak, a novice VSWr of Pakellas (D:5)
  A golden dragon simulacrum (Depths:2)
  2 polar bears (Lair:2)
  A two-headed ogre (shapeshifter) (Vaults:1)
  A hydra skeleton (Crypt:3)
  8 boulder beetles
  A wind drake (shapeshifter) (Depths:1)
  23 two-headed ogres
  Grinder (D:5)
  A guardian serpent zombie (Crypt:2)
  24 blink frogs
  118 slime creatures
  3 large abominations (Swamp:4)
  10 bog bodies
  A harpy skeleton (D:14)
  A raiju (Abyss:3)
  A fire dragon zombie (Crypt:2)
  2 human simulacra
  A stone giant simulacrum (Depths:2)
  6 small abominations (Abyss:3)
  9 flying skulls (Crypt:3)
  34 redbacks
  10 spriggans
  2 tarantellas
  13 wyverns
  A spriggan (shapeshifter) (Vaults:5)
  5 air elementals
  An ettin skeleton (Vaults:4)
  2 yaks (shapeshifter) (Vaults:5)
  A hog (shapeshifter) (Depths:2)
  Sigmund (D:4)
  9 shadows
  14 wraiths
  3 fire bats (Lair:1)
  4 fire elementals
  14 water elementals
  34 yaks
  A hippogriff (shapeshifter) (Depths:2)
  3 hogs (Swamp:4)
  A human (shapeshifter) (Vaults:2)
  2 golden eyes (Slime:6)
  3 hungry ghosts (Crypt:3)
  11 hippogriffs
  17 vampire mosquitoes
  8 basilisks
  Edmund (D:6)
  A redback simulacrum (D:15)
  3 mottled dragons
  An infernal demonspawn zombie (Crypt:1)
  8 wargs
  57 nagas
  3 insubstantial wisps (Swamp:1)
  A putrid demonspawn skeleton (Crypt:2)
  A soldier ant (shapeshifter) (Elf:1)
  20 swamp worms
  3 hell hounds (D:14)
  Duvessa (D:5)
  19 water moccasins
  2 soldier ants
  9 porcupines
  62 orc warriors
  10 swamp drakes
  6 sky beasts
  21 wasps
  A black bear (Lair:2)
  A black bear (shapeshifter) (Vaults:3)
  A spiny frog skeleton (Crypt:3)
  9 ice beasts
  4 necrophages
  2 phantoms
  57 ogres
  8 boggarts
  30 centaurs
  3 eyes of draining
  A swamp dragon skeleton (Crypt:3)
  12 wolves
  A crocodile (shapeshifter) (Vaults:5)
  18 crocodiles
  5 big kobolds
  Blork the orc (D:4)
  A draconian zombie (Crypt:1)
  A gnoll sergeant (D:8)
  26 giant frogs
  Dowan (D:5)
  10 earth elementals
  2 glowing shapeshifter simulacra
  A scorpion (shapeshifter) (Vaults:4)
  A hell hound skeleton (Crypt:1)
  2 scorpions
  3 wyvern skeletons
  A queen bee zombie (Crypt:1)
  6 killer bees (D:13)
  8 wights
  2 electric eels
  10 howler monkeys
  A wolf zombie (Crypt:3)
  4 crimson imps
  A wolf skeleton (Crypt:3)
  20 orc priests
  22 jellies
  Crazy Yiuf (D:5)
  4 giant frog skeletons
  A hound (D:7)
  16 iguanas
  A gnoll shaman (D:6)
  22 orc wizards
  10 worker ants
  A killer bee zombie (Crypt:2)
  15 sheep
  A mottled dragon zombie (Crypt:2)
  A felid zombie (Crypt:3)
  2 hound skeletons
  2 worker ant zombies
  A howler monkey zombie (D:8)
  Robin (D:4)
  8 gnolls
  20 adders
  53 river rats
  4 shadow imps
  4 oozes
  An ufetubus (Abyss:3)
  An adder zombie (D:4)
  A worm (shapeshifter) (Vaults:3)
  26 worms
  A dart slug (D:2)
  4 giant geckos
  91 orcs
  6 giant cockroaches
  14 goblins
  14 hobgoblins
  2 jackals (D:9)
  31 kobolds
  5 quokkas
  7 bats
  6 giant newts
  A hobgoblin skeleton (Crypt:1)
  A hobgoblin zombie (Crypt:2)
  A jackal skeleton (Crypt:3)
  30 rats
  2 river rat zombies
  A briar patch (Swamp:4)
  A bush (Abyss:2)
  3 fungi (Lair:8)
  A lost soul (Crypt:3)
  5 plants
  A starspawn tentacle (Abyss:3)
2568 creatures vanquished.

Vanquished Creatures (collateral kills)
  Mara (Snake:3)
  Saint Roka (Orc:2)
  Vashnia (Snake:3)
  An anaconda (Snake:3)
  A naga sharpshooter (Snake:3)
  A shining eye (Slime:3)
6 creatures vanquished.

Vanquished Creatures (others)
  2 tengu reavers
  A yaktaur captain (Vaults:3)
  A deep elf high priest (Vaults:5)
  A naga sharpshooter (Snake:4)
  An unseen horror (Abyss:3)
  A deep elf archer (Vaults:5)
  A slime creature (Swamp:4)
  A redback (Vaults:3)
  A neqoxec (Abyss:3)
  A spatial vortex (Abyss:3)
  2 orc warriors
  A sky beast (shapeshifter) (Vaults:3)
  A centaur (Vaults:3)
  An ogre (Vaults:5)
  A small abomination (Abyss:3)
  5 fungi
  6 lost souls
  16 plants
  2 starspawn tentacles (Abyss:3)
  A starspawn tentacle segment (Abyss:3)
  4 withered plants (D:15)
51 creatures vanquished.

Grand Total: 2625 creatures vanquished

Notes
Turn   | Place    | Note
--------------------------------------------------------------
     0 | D:1      | mopl the Vine Stalker Warper began the quest for the Orb.
     0 | D:1      | Reached XP level 1. HP: 11/11 MP: 4/4
    94 | D:1      | Reached skill level 2 in Long Blades
    94 | D:1      | Reached skill level 1 in Stealth
   267 | D:1      | Reached XP level 2. HP: 15/15 MP: 6/6
   285 | D:1      | Learned a level 2 spell: Blink
   735 | D:2      | Found a shattered altar of Ashenzari.
   746 | D:2      | Reached skill level 2 in Stealth
   779 | D:2      | Became a worshipper of Ashenzari the Shackled
   780 | D:2      | Fell from the grace of Ashenzari
   870 | D:1      | Reached XP level 3. HP: 14/18 MP: 7/7
  1088 | D:2      | Reached skill level 3 in Stealth
  1143 | D:2      | Was forgiven by Ashenzari
  1143 | D:2      | Reached XP level 4. HP: 18/23 MP: 8/8
  1174 | D:2      | Found a shimmering altar of Xom.
  1211 | D:2      | Found an iron altar of Okawaru.
  1355 | D:2      | Found a snail-covered altar of Cheibriados.
  1358 | D:2      | Found a glowing silver altar of Zin.
  1361 | D:2      | Found an oddly glowing altar of Pakellas.
  1513 | D:2      | Became a worshipper of Pakellas the Inventive
  1659 | D:3      | Reached skill level 3 in Long Blades
  1960 | D:3      | Reached * piety under Pakellas
  1960 | D:3      | Received a gift from Pakellas
  1984 | D:3      | Reached skill level 1 in Evocations
  2328 | D:4      | Reached XP level 5. HP: 10/26 MP: 8/9
  2652 | D:4      | Found a white marble altar of Elyvilon.
  2705 | D:4      | Noticed Blork the orc
  2720 | D:4      | Killed Blork the orc
  2720 | D:4      | Reached skill level 4 in Stealth
  2817 | D:4      | Noticed Sigmund
  2833 | D:4      | Killed Sigmund
  2833 | D:4      | Reached skill level 2 in Evocations
  2833 | D:4      | Gained mutation: You heal very quickly. [Vine Stalker growth]
  2833 | D:4      | Reached XP level 6. HP: 14/30 MP: 7/10
  2898 | D:4      | Found an opulent altar of Gozag.
  2898 | D:4      | Found a stormy altar of Qazlal.
  2957 | D:4      | Reached skill level 4 in Long Blades
  2957 | D:4      | Reached skill level 5 in Stealth
  2969 | D:4      | Noticed Robin
  3004 | D:4      | Killed Robin
  3040 | D:4      | Got a translucent ring mail
  3051 | D:4      | Identified the +8 ring mail of the Lair of Beasts {+Fly rN+++ Str+4 Slay+3} (You found it on level 4 of the Dungeon)
  3309 | D:5      | Entered Level 5 of the Dungeon
  3339 | D:5      | Noticed Dowan
  3342 | D:5      | Noticed Duvessa
  3372 | D:5      | Killed Duvessa
  3372 | D:5      | Reached skill level 3 in Evocations
  3372 | D:5      | Reached XP level 7. HP: 26/34 MP: 11/11
  3379 | D:5      | Killed Dowan
  3379 | D:5      | Reached skill level 6 in Stealth
  3396 | D:5      | Noticed mopl's ghost (novice VSWr)
  3402 | D:5      | Noticed Grinder
  3416 | D:5      | Killed mopl's ghost
  3416 | D:5      | Reached skill level 5 in Long Blades
  3439 | D:5      | Reached ** piety under Pakellas
  3439 | D:5      | Received a gift from Pakellas
  3501 | D:5      | Gained mutation: You have razor-sharp teeth. [Vine Stalker growth]
  3501 | D:5      | Reached XP level 8. HP: 38/38 MP: 12/12
  3649 | D:5      | Reached skill level 4 in Evocations
  3682 | D:5      | Noticed Crazy Yiuf
  3690 | D:5      | Killed Crazy Yiuf
  3690 | D:5      | Reached skill level 7 in Stealth
  3767 | D:5      | Found a staircase to the Ecumenical Temple.
  3852 | D:5      | Killed Grinder
  3921 | D:6      | Noticed Edmund
  3933 | D:6      | Killed Edmund
  3990 | D:6      | Noticed a deep elf mage
  4097 | D:6      | Reached skill level 6 in Long Blades
  4097 | D:6      | Reached skill level 8 in Stealth
  4097 | D:6      | Reached skill level 5 in Evocations
  4397 | D:6      | Reached XP level 9. HP: 26/42 MP: 9/13
  4594 | D:6      | Killed a deep elf mage
  4594 | D:6      | Reached skill level 9 in Stealth
  4671 | D:7      | Reached skill level 7 in Long Blades
  4671 | D:7      | Reached skill level 6 in Evocations
  4698 | D:7      | Reached *** piety under Pakellas
  4698 | D:7      | Received a gift from Pakellas
  4827 | D:7      | Found a blossoming altar of Fedhas.
  5007 | D:7      | Reached skill level 10 in Stealth
  5435 | D:8      | Noticed a manticore
  5451 | D:8      | Found a glowing golden altar of the Shining One.
  5454 | D:8      | Killed a manticore
  5454 | D:8      | Reached skill level 2 in Fighting
  5467 | D:8      | Reached XP level 10. HP: 23/47 MP: 13/15
  5667 | D:8      | Found Dod Tujiena's Gadget Shoppe.
  5702 | D:8      | Reached skill level 3 in Fighting
  5717 | D:8      | Reached skill level 7 in Evocations
  5720 | D:8      | Reached skill level 8 in Long Blades
  6045 | D:7      | Reached **** piety under Pakellas
  6045 | D:7      | Received a gift from Pakellas
  6116 | D:8      | Reached skill level 11 in Stealth
  6418 | D:8      | Reached skill level 4 in Fighting
  6643 | D:9      | Found a bloodstained altar of Trog.
  7131 | D:10     | Entered Level 10 of the Dungeon
  7189 | D:10     | Noticed a hill giant
  7198 | D:10     | Killed a hill giant
  7243 | D:10     | Reached ***** piety under Pakellas
  7243 | D:10     | Received a gift from Pakellas
  7324 | D:10     | Noticed mopl's ghost (novice VSWr)
  7325 | D:10     | Identified a +5 rod of shadows (12/12) {!a} (Pakellas gifted it to you on level 10 of the Dungeon)
  7348 | D:10     | Killed mopl's ghost
  7348 | D:10     | Reached skill level 5 in Fighting
  7348 | D:10     | Reached XP level 11. HP: 41/55 MP: 14/17
  7519 | D:10     | Noticed a fire dragon
  7559 | D:10     | Reached skill level 8 in Evocations
  7654 | D:10     | Reached skill level 9 in Long Blades
  7772 | D:11     | Got a jewelled great sword
  7773 | D:11     | Identified the cursed +0 great sword "Zipnosy" {slice, rF+ rN+ MR+} (You found it on level 11 of the Dungeon)
  7970 | D:11     | Noticed a red ugly thing
  7977 | D:11     | Killed a red ugly thing
  7983 | D:11     | Found a flagged portal.
  8018 | Bailey   | Entered a bailey
  8037 | Bailey   | Noticed an orc knight
  8095 | Bailey   | Reached skill level 12 in Stealth
  8199 | Bailey   | Killed an orc knight
  8563 | D:11     | Found a staircase to the Lair.
  8572 | Lair:1   | Entered Level 1 of the Lair of Beasts
  8617 | Lair:1   | Reached skill level 6 in Fighting
  8645 | Lair:1   | Noticed a five-headed hydra
  8754 | Lair:1   | Found a dark tunnel.
  8774 | Volcano  | Entered a volcano
  8813 | Volcano  | Found a radiant altar of Vehumet.
  8813 | Volcano  | Noticed an ogre mage
  8813 | Volcano  | Noticed a hill giant
  8818 | Volcano  | Killed an ogre mage
  8825 | Volcano  | Killed a hill giant
  8825 | Volcano  | Reached skill level 9 in Evocations
  8866 | Volcano  | Gained mutation: You regenerate. [Vine Stalker growth]
  8866 | Volcano  | Reached XP level 12. HP: 62/62 MP: 19/19
  8983 | Volcano  | Reached skill level 13 in Stealth
  9576 | D:11     | Found a roughly hewn altar of Beogh.
  9669 | D:11     | Found a staircase to the Orcish Mines.
  9711 | D:11     | Reached skill level 7 in Fighting
  9711 | D:11     | Reached skill level 10 in Long Blades
  9992 | D:11     | Reached skill level 8 in Fighting
  9992 | D:11     | Reached skill level 14 in Stealth
  9992 | D:11     | Reached skill level 10 in Evocations
  9992 | D:11     | Reached XP level 13. HP: 68/68 MP: 13/21
 10591 | Lair:1   | Reached ****** piety under Pakellas
 10882 | Lair:2   | Reached skill level 11 in Long Blades
 11181 | Lair:2   | Identified a +0 rod of clouds (14/14) {!a} (You found it on level 1 of the Lair of Beasts)
 11982 | Lair:3   | Noticed Harold
 11992 | Lair:3   | Killed Harold
 12245 | Lair:3   | Noticed magog001's ghost (journeyman MiFi)
 12280 | Lair:3   | Killed magog001's ghost
 12280 | Lair:3   | Reached skill level 9 in Fighting
 12354 | Lair:3   | Reached skill level 15 in Stealth
 12445 | Lair:3   | Learned a level 2 spell: Passwall
 12451 | Lair:3   | Learned a level 5 spell: Lee's Rapid Deconstruction
 12548 | Lair:3   | Reached skill level 11 in Evocations
 12548 | Lair:3   | Reached XP level 14. HP: 45/75 MP: 16/23
 13155 | Lair:4   | Found a staircase to the Snake Pit.
 14248 | Lair:5   | Reached skill level 10 in Fighting
 15104 | Lair:6   | Reached skill level 12 in Long Blades
 15182 | Lair:6   | Found a staircase to the Slime Pits.
 15356 | Lair:6   | Noticed Snorg
 15378 | Lair:6   | Killed Snorg
 15378 | Lair:6   | Reached skill level 16 in Stealth
 15386 | Lair:6   | Got a smoking cloak
 15397 | Lair:6   | Identified the +4 cloak "Zyonaf Gume" {*Corrode rF++ MR+++} (You found it on level 6 of the Lair of Beasts)
 15738 | Lair:6   | Found a staircase to the Swamp.
 16494 | Lair:7   | Got an iridescent falchion
 16495 | Lair:7   | Identified the +4 falchion of Nikirheu {slice, MR++} (You found it on level 7 of the Lair of Beasts)
 16621 | Lair:8   | Entered Level 8 of the Lair of Beasts
 17012 | Lair:8   | Reached XP level 15. HP: 50/81 MP: 20/24
 17020 | Lair:8   | Reached skill level 12 in Evocations
 17655 | Lair:8   | Found a runed door.
 18275 | Lair:1   | Reached skill level 17 in Stealth
 18547 | D:12     | Found Unkeicki's Antique Armour Boutique.
 18566 | D:12     | Bought a runed hat for 132 gold pieces
 18614 | D:12     | Found a frozen archway.
 18618 | IceCv    | Entered an ice cave
 18637 | IceCv    | Reached skill level 11 in Fighting
 19086 | D:12     | Reached skill level 13 in Long Blades
 19740 | D:12     | Noticed a tengu reaver
 19755 | D:12     | Killed a tengu reaver
 19756 | D:12     | Noticed magog001's ghost (journeyman DsGl)
 19761 | D:12     | Cast into level 2 of the Abyss (magog001's ghost)
 19778 | D:12     | Escaped the Abyss
 19943 | D:12     | Cast into level 3 of the Abyss (magog001's ghost)
 19979 | Abyss:3  | Noticed a tentacled starspawn
 19994 | Abyss:3  | Killed a tentacled starspawn
 20068 | Abyss:3  | Noticed an Executioner
 20079 | Abyss:3  | Got an abyssal rune of Zot
 20126 | Abyss:3  | Found a corrupted altar of Lugonu.
 20352 | Abyss:3  | Noticed a balrug
 20507 | Abyss:3  | Reached XP level 16. HP: 67/88 MP: 26/26
 20789 | D:12     | Escaped the Abyss
 20802 | D:12     | Killed magog001's ghost
 21240 | D:13     | Found Tyth's Food Emporium.
 21361 | D:13     | Noticed Nessos
 21376 | D:13     | Killed Nessos
 21376 | D:13     | Reached skill level 18 in Stealth
 21977 | D:13     | Reached skill level 13 in Evocations
 22009 | D:13     | Found a gate to the Vaults.
 22194 | Orc:1    | Entered Level 1 of the Orcish Mines
 22348 | Orc:2    | Entered Level 2 of the Orcish Mines
 22348 | Orc:2    | Found a roughly hewn altar of Beogh.
 22390 | Orc:2    | Noticed ololoev's ghost (journeyman DEEE)
 22402 | Orc:2    | Killed ololoev's ghost
 22469 | Orc:2    | Noticed Saint Roka
 22498 | Orc:2    | HP: 1/88 [Saint Roka/divine providence (10)]
 22635 | Orc:2    | Killed Saint Roka
 22671 | Orc:2    | Noticed Urug
 22672 | Orc:2    | Found a roughly hewn altar of Beogh.
 22888 | Orc:1    | Killed Urug
 22943 | Orc:2    | Found Vis Wux's Jewellery Emporium.
 22948 | Orc:2    | Reached skill level 12 in Fighting
 22951 | Orc:2    | Found Sikhlu's General Store.
 23052 | Orc:2    | Bought a potion of cancellation for 120 gold pieces
 23052 | Orc:2    | Bought a scroll of blinking for 112 gold pieces
 23076 | Orc:2    | Found a staircase to the Elven Halls.
 23508 | Orc:1    | Found Soom's Armour Shoppe.
 23755 | Orc:2    | Found Jaetod's Antique Armour Emporium.
 23770 | Orc:2    | Found Odwets's Antique Weapon Emporium.
 24031 | Orc:2    | Bought a faintly humming ring mail for 261 gold pieces
 24031 | Orc:2    | Identified the +3 ring mail "Bonnag" {rF++ Dex+8} (You bought it in a shop on level 2 of the Orcish Mines)
 24049 | Orc:2    | Bought the ring of Suddoele {rC+ AC+4} for 600 gold pieces
 24217 | D:14     | Noticed Azrael
 24242 | D:14     | Killed Azrael
 24242 | D:14     | Reached skill level 14 in Long Blades
 24575 | D:14     | Noticed Josephine
 24586 | D:14     | Killed Josephine
 25049 | D:15     | Entered Level 15 of the Dungeon
 25367 | D:15     | Found a staircase to the Depths.
 25609 | D:15     | Reached XP level 17. HP: 94/94 MP: 28/28
 25736 | D:15     | Found a basalt altar of Yredelemnul.
 26273 | Elf:1    | Entered Level 1 of the Elven Halls
 26285 | Elf:1    | Reached skill level 1 in Armour
 26360 | Elf:1    | Reached skill level 19 in Stealth
 26372 | Elf:1    | Reached skill level 2 in Dodging
 26785 | Elf:1    | Reached skill level 2 in Armour
 26948 | Elf:1    | Reached skill level 14 in Evocations
 27083 | Elf:1    | Noticed Roxanne
 27097 | Elf:1    | Killed Roxanne
 27423 | Elf:2    | Reached skill level 13 in Fighting
 27427 | Elf:2    | Reached skill level 3 in Dodging
 27758 | Elf:2    | Reached skill level 3 in Armour
 27828 | Elf:2    | Found a runed gate.
 27830 | Elf:2    | Found a runed gate.
 27833 | Elf:2    | Found a runed gate.
 28196 | Elf:2    | Noticed Wiglaf
 28267 | Elf:2    | Reached XP level 18. HP: 68/100 MP: 22/29
 28282 | Elf:2    | Killed Wiglaf
 28326 | Elf:2    | Reached skill level 4 in Armour
 28629 | Elf:3    | Entered Level 3 of the Elven Halls
 28837 | Elf:3    | Reached skill level 4 in Dodging
 29059 | Elf:3    | Reached skill level 15 in Long Blades
 29333 | Elf:3    | Noticed a deep elf master archer
 29373 | Elf:3    | Got a polished lajatang {pain}
 29374 | Elf:3    | Identified the +6 lajatang "Zaotuun" {pain, -Tele +Fly rF+ rC+} (You took it off a deep elf elementalist on level 3 of the Elven Halls)
 29408 | Elf:3    | Noticed a deep elf blademaster
 29408 | Elf:3    | Noticed a deep elf blademaster
 29474 | Elf:3    | Got a flickering granite ring
 29477 | Elf:3    | Identified the ring "Neimujan" {+Fly rElec rF- rN+ Int+2} (You took it off a deep elf annihilator on level 3 of the Elven Halls)
 29494 | Elf:3    | Got a faintly humming leather armour
 29495 | Elf:3    | Identified the +3 leather armour of Narcissism {Dex+3} (You took it off a deep elf sorcerer on level 3 of the Elven Halls)
 29522 | Elf:3    | Noticed a deep elf master archer
 29673 | Elf:3    | Reached skill level 20 in Stealth
 29679 | Elf:3    | Killed a deep elf blademaster
 29679 | Elf:3    | Reached skill level 1 in Throwing
 29686 | Elf:3    | Reached skill level 5 in Dodging
 29719 | Elf:3    | Killed a deep elf master archer
 29719 | Elf:3    | Reached skill level 5 in Armour
 30137 | Elf:3    | Killed a deep elf blademaster
 30199 | Elf:3    | Got a heavily runed platinum ring
 30220 | Elf:3    | Reached skill level 2 in Throwing
 30343 | Elf:3    | Got a bloodstained fire dragon armour
 30345 | Elf:3    | Identified the ring "Zanaklugh" {+Fly rF- Str+3 SInv} (You took it off a deep elf sorcerer on level 3 of the Elven Halls)
 30346 | Elf:3    | Identified the cursed +1 fire dragon armour of Autotheism {rElec rF++ rC- rN+ Str+3 Dex+7} (You took it off a deep elf master archer on level 3 of the Elven Halls)
 30621 | Elf:3    | Killed a deep elf master archer
 30662 | Elf:3    | Identified Sif Muna's Collected Works on Torrid Enhancements
 30729 | Elf:3    | Identified the Grimoire of the Supportive Glacier (You found it on level 3 of the Elven Halls)
 30736 | Elf:3    | Learned a level 5 spell: Aura of Abjuration
 31488 | Swamp:1  | Entered Level 1 of the Swamp
 31494 | Swamp:1  | Reached XP level 19. HP: 105/105 MP: 31/31
 31562 | Swamp:1  | Found a shimmering altar of Xom.
 31598 | Swamp:1  | Noticed Louise
 31624 | Swamp:1  | Killed Louise
 31624 | Swamp:1  | Reached skill level 14 in Fighting
 31739 | Swamp:1  | Reached skill level 3 in Throwing
 32644 | Swamp:2  | Learned a level 2 spell: Repel Missiles
 32647 | Swamp:2  | Learned a level 2 spell: Swiftness
 33136 | Swamp:3  | Found a shattered altar of Ashenzari.
 33376 | Swamp:3  | Reached skill level 6 in Armour
 33411 | Swamp:3  | Reached skill level 6 in Dodging
 34232 | Swamp:4  | Entered Level 4 of the Swamp
 34243 | Swamp:4  | Noticed Kirke
 34255 | Swamp:4  | Killed Kirke
 34255 | Swamp:4  | Reached skill level 4 in Throwing
 34283 | Swamp:4  | Noticed Donald
 34291 | Swamp:4  | Killed Donald
 34291 | Swamp:4  | Reached skill level 15 in Evocations
 34316 | Swamp:4  | Noticed Nikola
 34343 | Swamp:4  | Killed Nikola
 34895 | Swamp:4  | Noticed a tentacled monstrosity
 34912 | Swamp:4  | Killed a tentacled monstrosity
 35181 | Swamp:4  | Reached skill level 5 in Throwing
 35267 | Swamp:4  | Got a decaying rune of Zot
 35574 | Snake:1  | Entered Level 1 of the Snake Pit
 35870 | Snake:1  | Noticed Aizul
 35879 | Snake:1  | Killed Aizul
 35889 | Snake:1  | Reached XP level 20. HP: 112/112 MP: 32/32
 35907 | Snake:1  | Noticed Asterion
 35911 | Snake:1  | Killed Asterion
 35911 | Snake:1  | Reached skill level 7 in Dodging
 36622 | Snake:2  | Reached skill level 16 in Long Blades
 36858 | Snake:2  | Noticed Frances
 36865 | Snake:2  | Killed Frances
 37460 | Snake:3  | Found Foparrug's Armour Boutique.
 37481 | Snake:3  | Reached skill level 7 in Armour
 37518 | Snake:3  | Reached skill level 6 in Throwing
 37529 | Snake:3  | Noticed Agnes
 37539 | Snake:3  | Killed Agnes
 37883 | Snake:3  | Noticed Vashnia
 37971 | Snake:3  | Killed Vashnia
 38103 | Snake:3  | Reached skill level 4 in Translocations
 38413 | Snake:3  | Noticed Mara
 38429 | Snake:3  | Killed Mara
 38615 | Snake:4  | Entered Level 4 of the Snake Pit
 38615 | Snake:4  | Found Nutyteun's Food Emporium.
 38652 | Snake:4  | Found Warhea Masie's Distillery.
 38661 | Snake:4  | Bought a potion of might for 88 gold pieces
 38661 | Snake:4  | Bought a potion of might for 88 gold pieces
 38661 | Snake:4  | Bought a potion of agility for 88 gold pieces
 38661 | Snake:4  | Bought a potion of agility for 88 gold pieces
 38661 | Snake:4  | Bought a potion of invisibility for 176 gold pieces
 38874 | Snake:4  | Found Wibuinlu's Antique Weapon Shoppe.
 38902 | Snake:4  | Bought a pitted long sword for 255 gold pieces
 38906 | Snake:4  | Identified the +2 long sword of Nightmares {holy, *Drain MR++ Str+3 Int+4} (You bought it in a shop on level 4 of the Snake Pit)
 39051 | Snake:4  | Found Caes's General Store.
 39089 | Snake:4  | Bought 3 scrolls of blinking for 337 gold pieces
 39089 | Snake:4  | Bought a scroll of recharging for 142 gold pieces
 39089 | Snake:4  | Bought a scroll of identify for 30 gold pieces
 39242 | Snake:4  | Reached skill level 5 in Translocations
 39266 | Snake:4  | Reached skill level 8 in Dodging
 39294 | Snake:4  | Reached skill level 15 in Fighting
 39321 | Snake:4  | Reached XP level 21. HP: 117/117 MP: 33/33
 39445 | Snake:4  | Reached skill level 7 in Throwing
 39780 | Snake:4  | Got a creamy pearl robe
 39781 | Snake:4  | Identified the +1 robe of Rationality {rPois rN+ Stlth-} (You took it off a naga on level 4 of the Snake Pit)
 39886 | Snake:4  | Got a serpentine rune of Zot
 40535 | Vaults:1 | Entered Level 1 of the Vaults
 40625 | Vaults:1 | Reached skill level 8 in Armour
 40698 | Vaults:1 | Reached skill level 6 in Translocations
 40942 | Vaults:1 | Reached skill level 16 in Evocations
 41233 | Vaults:1 | Found Git Xyit's Antique Weapon Emporium.
 41380 | Vaults:1 | Reached skill level 21 in Stealth
 41461 | Vaults:1 | Reached skill level 8 in Throwing
 41837 | D:8      | Bought a -1 iron rod (10/10) for 840 gold pieces
 41837 | D:8      | Bought a -3 rod of inaccuracy (10/10) for 720 gold pieces
 41842 | D:8      | Identified a +10 iron rod (18/18) (supercharged by Pakellas)
 42295 | Vaults:2 | Found a staircase to the Crypt.
 42384 | Vaults:2 | Noticed Boris
 42439 | Vaults:2 | Killed Boris
 42439 | Vaults:2 | Reached skill level 7 in Translocations
 42623 | Vaults:2 | Reached skill level 9 in Dodging
 42765 | Vaults:2 | Noticed Sojobo
 42948 | Vaults:2 | Reached XP level 22. HP: 123/123 MP: 0/35
 43438 | Vaults:2 | Killed Sojobo
 43660 | Vaults:3 | Reached skill level 9 in Armour
 43895 | Vaults:3 | Got a steaming leather armour
 43896 | Vaults:3 | Identified the +2 leather armour of the Hot Ocelot {MP+9} (You found it on level 3 of the Vaults)
 44229 | Vaults:3 | Reached skill level 9 in Throwing
 44336 | Vaults:3 | Noticed Margery
 44379 | Vaults:3 | Killed Margery
 44458 | Vaults:3 | Reached skill level 8 in Translocations
 45295 | Vaults:3 | Reached XP level 23. HP: 99/128 MP: 36/36
 45444 | Vaults:3 | Got an ancient copper amulet
 45445 | Vaults:3 | Identified the amulet of Orhuprexku {Gourm rElec MR+++ Str-3 Stlth+} (You found it on level 3 of the Vaults)
 45450 | Vaults:3 | Got a bloodstained trident
 45451 | Vaults:3 | Identified the +7 trident "Pigestro" {venom, +Blink rC+ Str+3} (You found it on level 3 of the Vaults)
 45454 | Vaults:3 | Got an ancient halberd
 45455 | Vaults:3 | Identified the +7 halberd of Yeast {flame, rF+ rN+ Str+3} (You found it on level 3 of the Vaults)
 45713 | Vaults:4 | Reached skill level 9 in Translocations
 45723 | Vaults:4 | Reached skill level 10 in Dodging
 45764 | Vaults:4 | Found Idub's Antique Weapon Emporium.
 45772 | Vaults:4 | Bought a glowing rapier for 104 gold pieces
 46037 | Vaults:4 | Reached skill level 16 in Fighting
 46303 | Vaults:4 | Reached skill level 10 in Armour
 46965 | Vaults:4 | Learned a level 3 spell: Regeneration
 46969 | Vaults:4 | Learned a level 3 spell: Spectral Weapon
 47097 | Vaults:5 | Entered Level 5 of the Vaults
 47156 | Vaults:4 | Reached skill level 22 in Stealth
 47166 | Vaults:4 | Reached skill level 17 in Evocations
 47327 | Vaults:5 | Reached skill level 10 in Throwing
 47733 | Vaults:5 | Got a warped helmet
 47744 | Vaults:5 | Identified the +2 helmet of Submission {rC+ MR+ Dex-2 Slay+6} (You found it on level 5 of the Vaults)
 47895 | Vaults:5 | Noticed a golden dragon
 47922 | Vaults:5 | Noticed an ancient lich
 48091 | Vaults:5 | Reached XP level 24. HP: 103/133 MP: 36/36
 48353 | Vaults:5 | Reached skill level 10 in Translocations
 48759 | Vaults:5 | Killed an ancient lich
 48924 | Vaults:5 | Reached skill level 11 in Dodging
 49104 | Vaults:5 | Got a pitted shield
 49106 | Vaults:5 | Got a sparkling golden amulet
 49133 | Vaults:5 | Identified the +1 shield "Kyrrofo" {rN+} (You found it on level 5 of the Vaults)
 49220 | Vaults:5 | Identified the amulet "Ysocuveo" {RegenMP +Blink Stlth+} (You took it off a fire giant on level 5 of the Vaults)
 49227 | Vaults:5 | Noticed an ancient lich
 49243 | Vaults:5 | Killed an ancient lich
 49663 | Vaults:5 | Reached skill level 11 in Armour
 50043 | Vaults:5 | Identified Veuck's Compendium of Dark Magic and Calling
 50138 | Vaults:5 | Got a jewelled leather armour
 50159 | Vaults:5 | Reached skill level 11 in Throwing
 50166 | Vaults:5 | Got a silver rune of Zot
 50493 | Vaults:5 | Identified the Almanac of Fiery Stones
 50636 | Vaults:5 | Identified the cursed +0 leather armour of the Wilderness {rC++ Str-5 Dex+2} (You took it off a deep elf sorcerer on level 5 of the Vaults)
 51464 | Crypt:1  | Entered Level 1 of the Crypt
 51586 | Crypt:1  | Reached XP level 25. HP: 140/140 MP: 36/36
 51843 | Crypt:1  | Reached skill level 11 in Translocations
 52197 | Crypt:2  | Reached skill level 23 in Stealth
 52401 | Crypt:2  | Noticed Boris
 52578 | Crypt:2  | Killed Boris
 53007 | Crypt:3  | Entered Level 3 of the Crypt
 53424 | Crypt:3  | Noticed Xtahua
 53430 | Crypt:3  | Killed Xtahua
 53451 | Crypt:3  | Noticed Mennas
 53461 | Crypt:3  | Reached skill level 17 in Fighting
 53474 | Crypt:3  | Killed Mennas
 54047 | Crypt:3  | Noticed Jorgrun
 54053 | Crypt:3  | Killed Jorgrun
 54053 | Crypt:3  | Reached skill level 18 in Evocations
 54094 | Crypt:3  | Found a staircase to the Tomb.
 54139 | Crypt:3  | Reached skill level 12 in Dodging
 54294 | Crypt:3  | Found an ancient bone altar of Kikubaaqudgha.
 54306 | Crypt:3  | Reached skill level 1 in Charms
 54325 | Crypt:3  | Reached skill level 1 in Air Magic
 54327 | Crypt:3  | Reached skill level 1 in Necromancy
 54533 | Crypt:3  | Reached skill level 2 in Air Magic
 54541 | Crypt:3  | Reached skill level 2 in Necromancy
 54544 | Crypt:3  | Reached skill level 2 in Charms
 54584 | Crypt:3  | Reached XP level 26. HP: 129/145 MP: 37/37
 54691 | Crypt:3  | Got a translucent great mace
 54692 | Crypt:3  | Identified the +8 great mace of the Throat {crush, rElec Int+5 Dex-4} (You found it on level 3 of the Crypt)
 55407 | Snake:4  | Bought a scroll of immolation for 52 gold pieces
 55616 | Orc:2    | Bought a scroll of immolation for 52 gold pieces
 55830 | Slime:1  | Entered Level 1 of the Pits of Slime
 55908 | Slime:2  | Reached skill level 12 in Armour
 55995 | Slime:3  | Gained mutation: Your flesh is cold resistant. [a shining eye]
 55996 | Slime:3  | Gained mutation: Armour fits poorly on your strangely shaped body. [a shining eye]
 55997 | Slime:3  | Noticed Dissolution
 56014 | Slime:3  | Killed Dissolution
 56014 | Slime:3  | Reached skill level 12 in Throwing
 56014 | Slime:3  | Reached skill level 3 in Charms
 56014 | Slime:3  | Reached skill level 3 in Necromancy
 56014 | Slime:3  | Reached skill level 3 in Air Magic
 56160 | Slime:6  | Entered Level 6 of the Pits of Slime
 56295 | Slime:6  | Found a viscous altar of Jiyva.
 56298 | Slime:6  | Noticed the Royal Jelly
 56301 | Slime:6  | Killed the Royal Jelly
 56311 | Slime:6  | Reached skill level 4 in Necromancy
 56324 | Slime:6  | Reached skill level 4 in Air Magic
 56330 | Slime:6  | Reached skill level 4 in Charms
 56374 | Slime:6  | Got an ancient iron amulet
 56378 | Slime:6  | Got a slimy rune of Zot
 56391 | Slime:6  | Identified the amulet "Ilarr" {Dismiss +Blink} (You found it on level 6 of the Pits of Slime)
 56399 | Slime:6  | Got a flickering steel ring
 56401 | Slime:6  | Identified the ring "Ysofit Wouhu" {rPois SInv} (You found it on level 6 of the Pits of Slime)
 56497 | Slime:6  | Got a bound wooden ring
 56498 | Slime:6  | Identified the ring of Trepidation {rElec Str-5 Dex+4 Stlth+} (You found it on level 6 of the Pits of Slime)
 56507 | Slime:6  | Identified Lore's Incunabulum of Aerial Calling
 56622 | Slime:6  | Got a clouded tin ring
 56623 | Slime:6  | Identified the ring "Yrutui" {rElec rC+ MP-9 Str+5 Dex+5} (You found it on level 6 of the Pits of Slime)
 57043 | Depths:1 | Entered Level 1 of the Depths
 57441 | Depths:1 | Found a gateway to Hell.
 57575 | Depths:1 | Reached skill level 5 in Necromancy
 58179 | Depths:2 | Reached XP level 27. HP: 139/150 MP: 37/37
 58222 | Depths:2 | Reached skill level 5 in Air Magic
 58278 | Depths:2 | Reached skill level 5 in Charms
 58369 | Depths:2 | Reached skill level 24 in Stealth
 58460 | Depths:2 | Got a heavily runed steel ring
 58463 | Depths:2 | Identified the ring "Gilao" {Int+2 SInv} (You found it on level 2 of the Depths)
 58761 | Depths:2 | Found a one-way gate leading to the halls of Pandemonium.
 58813 | Depths:2 | Reached skill level 1 in Transmutations
 59041 | Depths:3 | Reached skill level 1 in Earth Magic
 59152 | Depths:3 | Noticed Norris
 59182 | Depths:3 | Killed Norris
 59194 | Depths:3 | Noticed Frederick
 59198 | Depths:3 | Killed Frederick
 59250 | Depths:3 | Reached skill level 3 in Spellcasting
 59253 | Depths:3 | Noticed Boris
 59268 | Depths:3 | Killed Boris
 59268 | Depths:3 | Reached skill level 6 in Necromancy
 59314 | Depths:3 | Reached skill level 2 in Transmutations
 59354 | Depths:3 | Reached skill level 2 in Earth Magic
 59415 | Depths:3 | Reached skill level 19 in Evocations
 59586 | Depths:3 | Found a gateway to a ziggurat.
 59713 | Depths:3 | Found a one-way gate to the infinite horrors of the Abyss.
 59900 | Depths:3 | Reached skill level 6 in Charms
 59904 | Depths:3 | Reached skill level 6 in Air Magic
 59910 | Depths:3 | HP: 6/151 [acid (5)]
 59910 | Depths:3 | Mangled by a caustic shrike

Skill      XL: |  1  2  3  4  5  6  7  8  9 10 11 12 13 14 15 16 17 18 19 20 21 22 23 24 25 26 27 |
---------------+----------------------------------------------------------------------------------+-----
Long Blades    | 2 3 4 5 6 7 8 9 10 11 12 13 14 15 16 | 16.0
Stealth        | 1 2 3 4 5 6 8 10 11 12 14 15 16 17 18 19 20 21 22 23 24 | 24.1
Evocations     | 1 2 3 5 6 7 9 10 11 12 13 14 15 16 17 18 19 | 19.0
Fighting       | 2 5 6 8 9 10 11 12 13 14 15 16 17 | 17.7
Armour         | 3 5 6 7 8 9 10 11 12 | 12.6
Dodging        | 3 5 6 8 9 10 11 12 | 12.9
Throwing       | 2 5 6 8 9 10 11 12 | 12.5
Translocations | 5 7 8 9 10 11 | 11.5
Charms         | 2 4 6 |  6.1
Air Magic      | 2 4 6 |  6.0
Necromancy     | 2 5 6 |  6.4
Transmutations | 2 |  2.9
Earth Magic    | 2 |  2.6
Spellcasting   | 3 |  3.6

Action                   |  1- 3 |  4- 6 |  7- 9 | 10-12 | 13-15 | 16-18 | 19-21 | 22-24 | 25-27 || total
-------------------------+-------+-------+-------+-------+-------+-------+-------+-------+-------++-------
Melee: Falchion          |   123 |   233 |   220 |   236 |       |       |       |       |       ||   812
       Bite              |    23 |    66 |    89 |   177 |   442 |   481 |   824 |   955 |   795 ||  3852
       Great sword       |       |       |       |   229 |    49 |       |       |       |       ||   278
       Scimitar          |       |       |       |       |  1015 |  1083 |  1501 |  1569 |  1043 ||  6211
       Dagger            |       |       |       |       |   101 |    47 |       |       |       ||   148
       Quick blade       |       |       |       |       |       |       |   142 |    64 |   324 ||   530
Throw: Throwing net      |       |       |       |       |       |     1 |       |     2 |       ||     3
 Cast: Apportation       |       |       |       |       |     2 |       |       |       |       ||     2
       Blink             |       |       |       |       |     1 |     1 |     4 |     4 |     1 ||    11
       Regeneration      |       |       |       |       |       |       |       |       |     2 ||     2
       Repel Missiles    |       |       |       |       |       |       |       |       |     1 ||     1
Invok: Renounce Religion |     1 |       |       |       |       |       |       |       |       ||     1
       Quick Charge      |       |       |     1 |     4 |    13 |     5 |     3 |     1 |     1 ||    28
       Device Surge      |       |       |       |       |     1 |       |       |       |       ||     1
       Supercharge       |       |       |       |       |       |       |     1 |       |       ||     1
 Abil: Evoke Flight      |       |       |       |     7 |     1 |     1 |     1 |       |     3 ||    13
Evoke: Wand              |       |     5 |    11 |    32 |    18 |    21 |    15 |     6 |    10 ||   118
       Rod               |       |       |       |     2 |    23 |    26 |    41 |    32 |    20 ||   144
       Phial of floods   |       |       |       |       |       |       |     1 |       |     1 ||     2
  Use: Scroll            |       |     1 |    11 |     5 |    26 |    16 |    10 |    14 |     4 ||    87
       Potion            |       |       |       |     1 |     4 |     4 |       |       |     2 ||    11
 Stab: Sleeping          |     2 |     7 |     5 |    29 |    85 |    39 |    46 |    21 |    80 ||   314
       Confused          |       |     1 |     5 |     2 |     4 |     1 |       |       |       ||    13
       Distracted        |       |       |     2 |     3 |     7 |    13 |    10 |    20 |    12 ||    67
       Invisible         |       |       |       |       |       |     4 |       |       |       ||     4
       Petrified         |       |       |       |       |       |     1 |       |       |       ||     1
       Held in net/web   |       |       |       |       |       |     1 |       |     2 |       ||     3
  Eat: Chunk             |     1 |     7 |     6 |    17 |    35 |    36 |    24 |    22 |    11 ||   159
       Pizza             |       |       |       |     1 |       |       |     1 |     2 |     1 ||     5
       Beef jerky        |       |       |       |       |     2 |     3 |     1 |     2 |     1 ||     9
       Meat ration       |       |       |       |       |     2 |       |     2 |     2 |     2 ||     8
       Bread ration      |       |       |       |       |       |     2 |     3 |     1 |     1 ||     7
       Royal jelly       |       |       |       |       |       |     1 |     1 |       |       ||     2
       Fruit             |       |       |       |       |       |       |     2 |       |     2 ||     4
Armor: Leather armour    |    30 |    42 |       |       |       |       |       |       |       ||    72
       Ring mail         |       |     9 |    87 |   145 |   468 |   378 |   528 |   526 |   335 ||  2476
       Skin              |       |       |       |       |    59 |       |       |       |       ||    59
Dodge: Dodged            |    98 |   101 |   127 |   289 |   563 |   401 |   922 |   980 |   792 ||  4273
       Deflected         |       |       |       |       |       |       |       |       |     6 ||     6
Block: Other             |       |       |       |       |       |   117 |   194 |   193 |   135 ||   639
       Reflection        |       |       |       |       |       |    11 |    12 |    23 |     3 ||    49
